 Dungeon Crawl Stone Soup version 0.27.0-66-gdc8fb28755 (webtiles) character file.

Game seed: 14106651856973941083

30811 Spectrina the Covert (level 13, -3/68 HPs)
             Began as a Vampire Delver on Aug 19, 2021.
             Was a High Priest of Sif Muna.
             Slain by an orc warrior (9 damage)
             ... on level 2 of the Orcish Mines.
             The game lasted 02:31:41 (11899 turns).

Spectrina the Covert (Vampire Delver)              Turns: 11899, Time: 02:31:43

Health: -3/68      AC: 13    Str: 11    XL:     13   Next: 22%
Magic:  0/29       EV: 15    Int: 17    God:    Sif Muna [*****.]
Gold:   947        SH:  3    Dex: 16    Spells: 5/22 levels left

rFire    . . .     SeeInvis +   b - +1 dagger (venom)
rCold    + + .     Faith    .   S - +0 buckler
rNeg     + + +     Spirit   +   M - +1 acid dragon scales
rPois    ∞         Reflect  .   H - +2 helmet
rElec    .         Harm     .   p - scarf {shadows}
rCorr    +         Rampage  .   (no gloves)
Will     +....                  x - +2 pair of boots
Stlth    ++++++++..             I - amulet of guardian spirit
HPRegen  0.00/turn              F - +4 ring of evasion
MPRegen  0.21/turn              E - ring of magical power

@: about to teleport, bloodless, inhibited regen, studying Hexes
A: bloodless, fangs 3, see invisible, vampiric 2
a: Bat Form, Revivify, Renounce Religion, Channel Magic, Forget Spell, Divine
Exegesis


You were on level 2 of the Orcish Mines.
You worshipped Sif Muna.
Sif Muna was extremely pleased with you.
You visited 2 branches of the dungeon, and saw 16 of its levels.
You also visited: Gauntlet.

You collected 1154 gold pieces.
You spent 207 gold pieces at shops.

Inventory:

Hand Weapons
 a - the +8 dagger of World Downfall {speed, +Blink Int-3 Stlth+}
   (You found it on level 8 of the Dungeon)

   Attacks with this weapon are significantly faster.
   Int:       It affects your intelligence (-3).
   +Blink:    It lets you blink.
   Stlth:     It makes you more stealthy.
 b - a +1 dagger of venom (weapon)
 i - a +0 hunting sling
 t - a +2 shortbow of flaming
 u - a +0 hand crossbow
 U - a +1 whip of electrocution
 V - a +0 rapier
Missiles
 j - 390 stones
 s - 8 javelins (quivered)
 v - 146 bolts
 C - 10 silver boomerangs
 D - 42 sling bullets
 N - a throwing net
 O - 243 arrows
 P - 3 atropa-tipped darts
Armour
 p - a scarf of shadows (worn)
 x - a +2 pair of boots (worn)
 H - a +2 helmet (worn)
 J - the +1 pair of gloves "Moroasch" {Harm Will+ Str-2 Int+6}
   (You found it on level 5 of the Dungeon)

   Str:       It affects your strength (-2).
   Int:       It affects your intelligence (+6).
   Harm:      It increases damage dealt and taken.
   Will:      It increases your willpower.
 M - +1 acid dragon scales (worn)
 S - a +0 buckler (worn)
Magical Staves
 L - a staff of death
 Z - a staff of cold
Jewellery
 h - a ring of willpower
 y - a ring of fire
 B - a ring of resist corrosion
 E - a ring of magical power (right hand)
 F - a +4 ring of evasion (left hand)
 I - an amulet of guardian spirit (around neck)
 K - a ring of willpower
Wands
 g - a wand of digging (3)
 w - a wand of flame (6)
 Q - a wand of iceblast (15)
 T - a wand of acid (13)
Scrolls
 c - a scroll of fog
 d - 3 scrolls of magic mapping
 k - 2 scrolls of teleportation
 o - a scroll of identify
 q - 2 scrolls of blinking
 R - a scroll of vulnerability
 W - 2 scrolls of enchant weapon
 X - a scroll of holy word
Potions
 e - a potion of brilliance
 f - 2 potions of haste
 l - a potion of attraction
 m - 3 potions of curing
 z - 3 potions of might
 A - 2 potions of flight
 G - a potion of mutation
Miscellaneous
 n - a box of beasts (inert)


   Skills:
 - Level 2.6 Fighting
 - Level 5.0 Short Blades
 - Level 2.1 Dodging
 + Level 14.8 Stealth
 - Level 5.0 Spellcasting
 * Level 9.1 Conjurations
 - Level 0.4 Hexes
 - Level 0.1 Summonings
 + Level 10.7 Ice Magic
 * Level 9.1 Invocations
 - Level 6.0 Evocations


You had 5 spell levels left.
You knew the following spells:

 Your Spells              Type           Power      Damage    Failure   Level
a - Freeze                Ice            100%       1d11      1%          1
f - Magic Dart            Conj           100%       1d8       1%          1
l - Summon Small Mammal   Summ           16%        N/A       34%         1
m - Iskenderun's Battles  Conj           35%        2d9       24%         5
p - Animate Skeleton      Necr           8%         N/A       36%         1
q - Frozen Ramparts       Ice            80%        1d10      1%          3
r - Hailstorm             Conj/Ice       38%        3d9       6%          4
x - Apportation           Tloc           8%         N/A       36%         1

Your spell library contained the following spells:

 Spells                   Type           Power      Damage    Failure   Level
 Corona                   Hex            5%         N/A       30%         1
 Wereblood                Tmut           4%         N/A       50%         2
 Summon Guardian Golem    Hex/Summ       5%         N/A       69%         3
 Call Canine Familiar     Summ           4%         N/A       71%         3
 Fireball                 Conj/Fire      9%         3d6       85%         5
 Irradiate                Conj/Tmut      9%         3d17      85%         5
 Conjure Ball Lightning   Conj/Air       9%         3x3d6     100%        6
 Orb of Destruction       Conj           17%        9d8       100%        7
 Summon Hydra             Summ           2%         N/A       100%        7
 Sublimation of Blood     Necr           Unusable   N/A       N/A         2

Dungeon Overview and Level Annotations

Branches:
Dungeon (14/15)            Temple (0/1) D:6             Orc (2/2) D:9
    Elf (0/3) Orc:2       Gauntlet (visited)
   Lair: D:8-11      Vaults: D:13-14

Altars:
Ashenzari
Sif Muna
Beogh

Shops:
D:5 [   Orc:2 (

Annotations:
D:9 Harold, Joseph, Psyche


Innate Abilities, Weirdness & Mutations

You do not regenerate when monsters are visible.
You are frail without blood (-20% HP).
You can heal yourself when you bite living creatures.
You are immune to poison.
You have razor-sharp teeth.
You have supernaturally acute eyesight. (SInv)
You are afflicted with vampirism and can become a bat while bloodless.


Message History

You feel less invigorated. The orc closely misses you.
The orc warrior throws a boomerang.
The boomerang closely misses you.
Casting: Hailstorm (dangerous; 6% risk of failure)
Confirm with . or Enter, or press ? or * to list all spells.
Casting: Hailstorm (dangerous; 6% risk of failure)
Press: ? - help, Dir - look around, f - activate A cannonade of hail descends around you!
The hail pelts the troll!
The troll is heavily wounded.
The hail pelts the orc warrior!!
You kill the orc warrior!
Sif Muna accepts your kill. The orc misses you.
The orc warrior hits you with a +0 hand axe.
* * * LOW HITPOINT WARNING * * *
Unknown command.
Unknown command.
Unknown command.
Casting: Hailstorm (dangerous; 6% risk of failure)
Confirm with . or Enter, or press ? or * to list all spells.
Casting: Hailstorm (dangerous; 6% risk of failure)
Press: ? - help, Dir - look around, f - activate A cannonade of hail descends around you!
The hail pelts the troll!
The troll is severely wounded.
The orc closely misses you.
The orc warrior hits you with a +0 hand axe!
* * * LOW HITPOINT WARNING * * *
Unknown command.
Unknown command.
Okay, then.
Okay, then.
Okay, then.
As you read the scroll of teleportation, it crumbles to dust.
You feel strangely unstable. The orc hits you with a +0 hand axe.
The orc priest casts a cantrip, but nothing happens.
Unknown command.
The orc warrior hits you with a +0 hand axe!
You die...

###...........##*,,,*,,,#
##.............# *,,,*,,,*
#.......)...#.####,,,*,,,*
##............#.8##'#**+**
##...)##...8)'.)....,,,,,
#...).#...o.o'))....8,,,,
##........oT8.'.)....,,,,,
#........#o#..#.8##'#**+**
##.......@....####,,,*,,,*
#..............# *,,,*,,,*
#..).......#.#.##*,,,*,,,#
##........####..##########
##........####...........
##..........# ############
#..........## ##....#....#
#........##


You could see a troll, 2 orc warriors, an orc priest and an orc.

Vanquished Creatures
  Frances (D:13)
  Josephine (D:10)
  An ettin (D:9)
  2 hydras (D:11)
  2 boulder beetles
  A centaur warrior (D:13)
  6 two-headed ogres
  Erica (D:10)
  A death knight (D:11)
  A phantasmal warrior (D:11)
  Pikel (D:6)
  2 orc sorcerers (Orc:2)
  An ugly thing (D:13)
  2 cyclopes
  A manticore (D:13)
  A manticore (shapeshifter) (Gauntlet)
  A cane toad (shapeshifter) (Gauntlet)
  2 gargoyles (D:12)
  An efreet (D:11)
  Maggie (D:10)
  A freezing wraith (D:11)
  4 trolls
  3 meliai (D:13)
  A snapping turtle (shapeshifter) (Gauntlet)
  9 wraiths
  A yak (D:11)
  3 shadows (D:9)
  A vampire (D:9)
  6 wyverns
  2 water elementals (D:11)
  3 steam dragons (D:9)
  A vampire mosquito (D:10)
  A warg (Orc:2)
  A small abomination (Gauntlet)
  7 acid dragons
  2 water moccasins
  A floating eye (shapeshifter) (Gauntlet)
  17 orc warriors
  An ice beast (D:5)
  2 black bears
  A necrophage (D:8)
  10 centaurs
  7 ogres
  A lemure (D:6)
  3 kobold brigands (D:9)
  4 scorpions
  2 bullfrogs
  A gnoll sergeant (D:13)
  A wyvern skeleton (D:7)
  3 wights (D:9)
  3 howler monkeys
  An electric eel (D:11)
  5 centaur zombies
  A hound (D:4)
  A gnoll shaman (D:9)
  17 orc priests
  A hound (shapeshifter) (Gauntlet)
  A bullfrog skeleton (D:3)
  A scorpion zombie (D:3)
  3 iguanas
  21 orc wizards
  12 gnolls
  2 howler monkey zombies
  8 adders
  An ufetubus (D:4)
  3 worms
  47 orcs
  2 bats
  9 endoplasms
  6 giant cockroaches
  11 goblins
  9 hobgoblins
  3 quokkas (D:3)
  9 ball pythons
  A frilled lizard (D:1)
  10 kobolds
  6 rats
324 creatures vanquished.

Vanquished Creatures (collateral kills)
  An orc sorcerer (Orc:2)
  An orc warrior (Orc:2)
  4 orcs (Orc:2)
6 creatures vanquished.

Vanquished Creatures (others)
  A hornet (D:9)
  14 plants
  5 toadstools (D:1)
  A withered plant (Gauntlet)
21 creatures vanquished.

Grand Total: 351 creatures vanquished

Notes
Turn   | Place    | Note
-------+----------+-------------------------------------------
     0 | D:5      | Spectrina the Vampire Delver began the quest for the Orb.
     0 | D:5      | Reached XP level 1. HP: 17/17 MP: 1/1
     7 | D:5      | Noticed an ogre
    21 | D:4      | Noticed a scorpion
    22 | D:4      | Noticed an orc priest
    31 | D:4      | Identified the +4 war axe of Forced Transition {flame,
                  | *Corrode rElec Str+2}
    35 | D:4      | Killed a scorpion
    36 | D:4      | Reached skill level 8 in Stealth
    36 | D:4      | Reached XP level 2. HP: 5/18 MP: 2/2
    36 | D:4      | Gained mutation: You are afflicted with vampirism and can
                  | become a bat while bloodless. [Vampire growth]
    36 | D:4      | Reached XP level 3. HP: 6/22 MP: 3/3
    88 | D:4      | Reached XP level 4. HP: 13/27 MP: 4/4
   115 | D:4      | Reached skill level 9 in Stealth
   171 | D:4      | Reached XP level 5. HP: 31/31 MP: 5/5
   177 | D:4      | Learned a level 1 spell: Freeze
   181 | D:4      | Learned a level 3 spell: Frozen Ramparts
   513 | D:5      | Noticed an ice beast
   513 | D:5      | Noticed a water moccasin
   738 | D:1      | Reached skill level 10 in Stealth
   854 | D:1      | Found a faded altar of an unknown god.
   876 | D:1      | Became a worshipper of Sif Muna the Loreminder
   876 | D:1      | Reached * piety under Sif Muna
   940 | D:1      | Reached skill level 1 in Ice Magic
  1410 | D:3      | Reached ** piety under Sif Muna
  1411 | D:3      | Reached XP level 6. HP: 36/36 MP: 6/6
  1685 | D:4      | Reached skill level 1 in Spellcasting
  1685 | D:4      | Reached skill level 1 in Invocations
  1698 | D:4      | Learned a level 1 spell: Apportation
  1700 | D:4      | Learned a level 1 spell: Animate Skeleton
  1702 | D:4      | Learned a level 1 spell: Summon Small Mammal
  1848 | D:6      | Reached skill level 11 in Stealth
  1848 | D:6      | Reached XP level 7. HP: 31/40 MP: 9/9
  1869 | D:5      | Identified the +1 pair of gloves "Moroasch" {Harm Will+
                  | Str-2 Int+6}
  1983 | D:5      | Reached skill level 5 in Short Blades
  2057 | D:5      | Found Ociemn's Antique Armour Emporium.
  2138 | D:5      | Reached XP level 8. HP: 45/45 MP: 11/11
  2149 | D:5      | Reached *** piety under Sif Muna
  2150 | D:5      | Reached skill level 12 in Stealth
  2164 | D:5      | Learned a level 4 spell: Hailstorm
  2559 | D:6      | Found a staircase to the Ecumenical Temple.
  2726 | D:5      | Bought a heavily runed scale mail for 207 gold pieces
  2726 | D:5      | Identified the +3 scale mail of Esasyc {rPois rF+ rC++
                  | Str-3} (You bought it in a shop on level 5 of the Dungeon)
  2766 | D:6      | Noticed Pikel
  2767 | D:6      | Killed Pikel
  2768 | D:6      | Reached skill level 13 in Stealth
  2768 | D:6      | Reached XP level 9. HP: 49/49 MP: 14/14
  2815 | D:6      | Reached skill level 5 in Ice Magic
  2968 | D:9      | Noticed Harold
  3642 | D:7      | Reached skill level 14 in Stealth
  3642 | D:7      | Reached skill level 1 in Conjurations
  3771 | D:8      | Identified the +8 dagger of World Downfall {speed, +Blink
                  | Int-3 Stlth+}
  3877 | D:9      | Found a staircase to the Orcish Mines.
  3886 | Orc:1    | Entered Level 1 of the Orcish Mines
  3886 | Orc:1    | Noticed a troll
  3887 | Orc:1    | Killed a troll
  3913 | D:9      | Noticed Joseph
  4134 | D:10     | Entered Level 10 of the Dungeon
  4136 | D:10     | Noticed Maggie
  4142 | D:10     | Killed Maggie
  4165 | D:10     | Noticed Josephine
  4176 | D:10     | Reached XP level 10. HP: 54/54 MP: 16/17
  4188 | D:10     | Noticed a two-headed ogre
  4264 | D:9      | Noticed Psyche
  4306 | D:9      | Reached skill level 5 in Spellcasting
  4306 | D:9      | Reached skill level 5 in Invocations
  4354 | D:9      | Learned a level 5 spell: Iskenderun's Battlesphere
  4369 | D:9      | Reached **** piety under Sif Muna
  4372 | D:9      | Noticed a two-headed ogre
  4491 | D:9      | Noticed a two-headed ogre
  4905 | D:10     | Killed Josephine
  4956 | D:10     | Found a broken altar of Ashenzari.
  5009 | D:10     | Noticed Erica
  5015 | D:10     | Killed Erica
  5016 | D:10     | Reached skill level 5 in Conjurations
  5016 | D:10     | Reached XP level 11. HP: 59/59 MP: 18/18
  5160 | D:10     | Killed a two-headed ogre
  5306 | D:11     | Noticed a seven-headed hydra
  5398 | D:11     | Reached skill level 1 in Evocations
  5445 | D:11     | Noticed a two-headed ogre
  5452 | D:11     | Killed a two-headed ogre
  5490 | D:12     | Noticed a boulder beetle
  5634 | D:11     | Noticed a four-headed hydra
  5714 | D:11     | Noticed a boulder beetle
  5718 | D:11     | Killed a boulder beetle
  5741 | D:11     | Noticed a skeletal warrior
  5746 | D:11     | Noticed a death knight
  5746 | D:11     | Noticed a phantasmal warrior
  5748 | D:11     | Killed a death knight
  5749 | D:11     | Killed a phantasmal warrior
  6021 | D:12     | Noticed a death knight
  6173 | D:12     | Killed a boulder beetle
  6175 | D:12     | Reached ***** piety under Sif Muna
  6413 | D:9      | Upgraded the game from 0.27.0-65-ge2af304b15 to
                  | 0.27.0-66-gdc8fb28755
  6562 | D:9      | Received a gift from Sif Muna
  6563 | D:9      | Got Honnitei's Collected Works on Attacks {god gift}
  6566 | D:9      | Learned a level 1 spell: Magic Dart
  6600 | D:9      | Noticed a six-headed hydra
  6630 | D:9      | Noticed an ettin
  6632 | D:9      | Killed an ettin
  6633 | D:9      | Reached XP level 12. HP: 64/64 MP: 19/19
  6665 | D:9      | Noticed a two-headed ogre
  6675 | D:9      | Killed a two-headed ogre
  6728 | D:9      | Noticed a two-headed ogre
  7074 | D:9      | Noticed a two-headed ogre
  7223 | D:6      | Identified the +0 buckler of the Other Side {+Inv rC+ rCorr
                  | Int-4}
  7797 | D:11     | Killed a seven-headed hydra
  8288 | D:13     | Reached skill level 10 in Ice Magic
  8447 | D:13     | Noticed a two-headed ogre
  8449 | D:13     | Killed a two-headed ogre
  8514 | D:13     | Noticed Frances
  8521 | D:13     | Killed Frances
  8522 | D:13     | Reached skill level 5 in Evocations
  8711 | D:13     | Noticed a centaur warrior
  8713 | D:13     | Killed a centaur warrior
  9264 | D:14     | Noticed a seven-headed hydra
  9401 | D:11     | Killed a four-headed hydra
  9495 | D:9      | Noticed a two-headed ogre
  9524 | D:9      | Killed a two-headed ogre
  9920 | D:9      | Killed a two-headed ogre
 10276 | Orc:2    | Entered Level 2 of the Orcish Mines
 10358 | Orc:2    | Reached XP level 13. HP: 26/68 MP: 4/20
 10386 | Orc:2    | Found a gate leading to a gauntlet.
 10394 | Gauntlet | Entered a Gauntlet
 10394 | Gauntlet | Found a transporter.
 10405 | Gauntlet | Found a transporter.
 10407 | Gauntlet | Found a transporter.
 10415 | Gauntlet | Found a transporter.
 10419 | Gauntlet | Found a transporter.
 10427 | Gauntlet | Found a transporter.
 10441 | Gauntlet | Found a runed translucent door.
 10443 | Gauntlet | Found a transporter.
 10445 | Gauntlet | Found a runed translucent door.
 10457 | Gauntlet | Found a transporter.
 10461 | Gauntlet | Found a transporter.
 10463 | Gauntlet | Found a runed translucent door.
 10465 | Gauntlet | Found a runed translucent door.
 10469 | Gauntlet | Found a transporter.
 10473 | Gauntlet | Found a transporter.
 10485 | Gauntlet | Found a transporter.
 10533 | Gauntlet | Noticed a ghost moth
 10533 | Gauntlet | a great orb of eyes changed into a ghost moth
 10720 | Gauntlet | Paralysed by a floating eye for 3 turns
 10726 | Gauntlet | Paralysed by a floating eye for 4 turns
 10916 | Gauntlet | Identified the +4 mace of Xetid {vamp, Contam Int+4 Stlth+}
 10916 | Gauntlet | Noticed a minotaur
 11072 | Orc:2    | Found a staircase to the Elven Halls.
 11188 | Orc:2    | Noticed an orc warlord
 11640 | Orc:2    | Found Ysothraes's Antique Weapon Boutique.
 11687 | Orc:2    | Received a gift from Sif Muna
 11899 | Orc:2    | Slain by an orc warrior

Illustrated notes

Levels and vault maps discovered:
D:1:      ldierk_walled_garden, layout_loops_ring,
          shapermc_ecumenical_altar_ellora, st_stairs_13
D:2:      layout_rooms, serial_shops, nicolae_shop_behind_doors,
          minmay_hedge_maze
D:3:      layout_loops_ring, chequers_big_river, minmay_three_crescents
D:4:      minmay_razor_zed, layout_basic
D:5:      layout_loops_ring, serial_shops, shop, uniq_edmund
D:6:      layout_basic, minmay_temple_entry_slanted, uniq_pikel
D:7:      layout_rooms, minivault_4
D:8:      layout_basic
D:9:      nzn_winding_woodlands_large [nzn_winding_woodlands_5x5_closed_star,
          nzn_winding_woodlands_5x15_longhouse, nzn_winding_woodlands_5x5_cross,
          nzn_winding_woodlands_center_garden,
          nzn_winding_woodlands_15x15_killbox,
          nzn_winding_woodlands_center_lodge,
          nzn_winding_woodlands_5x5_checkerboard,
          nzn_winding_woodlands_5x15_pockets, nzn_winding_woodlands_5x5_three],
          layout_basic, orc_0_dummy, uniq_harold, uniq_joseph, uniq_psyche
D:10:     layout_big_octagon, nicolae_ashenzari_panopticon, uniq_josephine,
          uniq_maggie, uniq_erica
D:11:     layout_basic, serial_glass, glass_columns_a, glass_columns_a,
          st_stairs_3, lemuel_flamethrower_1
D:12:     layout_irregular_city
D:13:     layout_grid_maze, drop_trap, uniq_frances
D:14:     layout_cave_pools, grunt_vaults_entry_tiered,
          gammafunk_ghost_wrathful_warriors, doesnt_xom_only_xom, serial_shops,
          kennysheep_little_box, minmay_more_statues, uniq_louise
Orc:1:    layout_diamond_mine
Orc:2:    grunt_orc_community_town_hall, layout_diamond_mine,
          grunt_orc_community_big_house_2, grunt_orc_community_big_house_2,
          grunt_orc_community_house_2, grunt_orc_community_house_1,
          grunt_orc_community_house_1, grunt_orc_community_house_1,
          grunt_orc_community_house_3, grunt_orc_community_house_1,
          special_room, gauntlet_entry_generic

Skill      XL: |  1  2  3  4  5  6  7  8  9 10 11 12 13 |
---------------+----------------------------------------+-----
Short Blades   | 3 4 5 |  5.0
Stealth        | 8 9 10 11 13 14 | 14.8
Ice Magic      | 1 2 3 4 7 8 9 10 | 10.7
Spellcasting   | 1 2 3 4 5 |  5.0
Invocations    | 1 2 3 4 6 7 8 9 |  9.1
Conjurations   | 2 5 7 8 9 |  9.1
Evocations     | 3 5 6 |  6.0
Fighting       | |  2.6
Dodging        | |  2.1
Hexes          | |  0.4
Summonings     | |  0.1

Action                   |  1- 3 |  4- 6 |  7- 9 | 10-12 | 13-15 || total
-------------------------+-------+-------+-------+-------+-------++-------
Melee: Short sword       |     4 |     1 |       |       |       ||     5
       War axe           |     2 |   101 |    43 |       |       ||   146
       Bite              |     1 |     8 |    10 |    57 |    14 ||    90
       Dagger            |     1 |    25 |    93 |   457 |   111 ||   687
       Whip              |       |       |       |       |     5 ||     5
Throw: Javelin           |       |     2 |       |     3 |     2 ||     7
 Cast: Frozen Ramparts   |       |       |     9 |    23 |    11 ||    43
       Hailstorm         |       |       |     4 |    32 |    31 ||    67
       Summon Small Mamm |       |       |     4 |     7 |     3 ||    14
       Freeze            |       |       |       |     3 |     7 ||    10
       Orb of Destructio |       |       |       |     1 |       ||     1
       Iskenderun's Batt |       |       |       |       |     2 ||     2
Invok: Divine Exegesis   |       |       |       |     1 |       ||     1
       Channel Magic     |       |       |       |       |     1 ||     1
 Abil: Exsanguinate      |     1 |       |       |       |       ||     1
       End Transformatio |       |     1 |       |     2 |       ||     3
       Bat Form          |       |     1 |       |     2 |       ||     3
       Evoke Blink       |       |       |       |    35 |     3 ||    38
Evoke: Wand              |       |       |       |     8 |     2 ||    10
       Box of beasts     |       |       |       |     1 |       ||     1
  Use: Potion            |       |     4 |       |     8 |     4 ||    16
       Scroll            |       |       |     7 |     8 |     5 ||    20
 Stab: Sleeping          |     2 |    44 |    18 |    47 |     3 ||   114
       Distracted        |       |     2 |     1 |       |     1 ||     4
Armor: Leather armour    |       |    24 |    18 |       |       ||    42
       Robe              |       |       |    29 |       |       ||    29
       Scale mail        |       |       |    10 |       |       ||    10
       Acid dragon scale |       |       |     1 |   147 |    30 ||   178
Dodge: Dodged            |     3 |    50 |    85 |   261 |    72 ||   471
Block: Buckler           |       |       |       |    57 |     4 ||    61
